 Dungeon Crawl Stone Soup version 0.32-a0-975-g85d4e5bfdb (webtiles) character file.

Game seed: 12990879758086789365

3933 zazu2006 the Nimble (level 10, -2/74 HPs)
             Began as a Gnoll Wanderer on Apr 18, 2024.
             Was a Follower of Vehumet.
             Slain by a warg (12 damage)
             ... on level 9 of the Dungeon.
             The game lasted 00:26:41 (3923 turns).

zazu2006 the Nimble (Gnoll Wanderer)                Turns: 3923, Time: 00:26:42

Health: -2/74      AC:  7    Str: 10    XL:     10   Next: 21%
Magic:  10/19      EV: 14    Int: 16    God:    Vehumet [*.....]
Gold:   203        SH:  0    Dex: 13    Spells: 17/21 levels left

rFire   . . .        c - +3 long sword
rCold   . . .        (no shield)
rNeg    . . .        A - +0 leather armour {rPois}
rPois   +            z - +0 helmet
rElec   .            e - scarf {+Inv}
rCorr   .            x - +0 pair of gloves
SInv    +            H - +0 pair of boots
Will    .....        (no amulet)
Stlth   +++          j - ring of see invisible
HPRegen 0.32/turn    C - ring of poison resistance
MPRegen 0.16/turn

%: no passive effects
@: no status effects
A: fangs 1, strong nose, distributed training
a: Renounce Religion, Evoke Invisibility


You were on level 9 of the Dungeon.
You worshipped Vehumet.
Vehumet was aware of your devotion.
You visited 3 branches of the dungeon, and saw 11 of its levels.

You collected 419 gold pieces.
You spent 216 gold pieces at shops.

Inventory:

Hand Weapons
 a - a +0 dagger
 c - a +3 long sword (weapon)
Missiles
 i - a throwing net (quivered)
 n - 2 curare-tipped darts
 D - 3 javelins
Armour
 e - a scarf of invisibility (worn)
 x - a +0 pair of gloves (worn)
 z - a +0 helmet (worn)
 A - a +0 leather armour of poison resistance (worn)
 H - a +0 pair of boots (worn)
Jewellery
 j - a ring of see invisible (left hand)
 C - a ring of poison resistance (right hand)
 E - an amulet of magic regeneration
 F - an amulet of faith
Wands
 d - a wand of flame (9)
 y - a wand of warping (6)
Scrolls
 h - 2 scrolls of immolation {unknown}
 m - a scroll of brand weapon {unknown}
 p - a scroll of teleportation {unknown}
 q - a scroll of torment {unknown}
 s - 2 scrolls of fear {unknown}
 t - a scroll of amnesia {unknown}
 u - a scroll of silence {unknown}
Potions
 b - 2 potions of brilliance
 f - 2 potions of heal wounds {unknown}
 g - 2 potions of enlightenment
 k - a potion of invisibility
 l - a potion of berserk rage {unknown}
 o - a potion of mutation {unknown}
 r - a potion of haste
 v - 2 potions of lignification {unknown}
 w - a potion of might {unknown}
 B - 2 potions of curing {unknown}


   Skills:
 + Level 5.2 Fighting
 + Level 5.2 Short Blades
 + Level 5.2 Long Blades
 + Level 5.2 Axes
 + Level 5.2 Maces & Flails
 + Level 5.2 Polearms
 + Level 5.2 Staves
 + Level 5.2 Ranged Weapons
 + Level 5.2 Throwing
 + Level 5.2 Armour
 + Level 8.5 Dodging
 + Level 5.8 Stealth
 + Level 5.2 Shields
 + Level 5.2 Unarmed Combat
 + Level 6.0 Spellcasting
 + Level 5.8 Conjurations
 + Level 7.0 Hexes
 + Level 4.3 Summonings
 + Level 4.3 Necromancy
 + Level 4.3 Translocations
 + Level 4.3 Fire Magic
 + Level 4.3 Ice Magic
 + Level 4.3 Air Magic
 + Level 4.3 Earth Magic
 + Level 4.3 Alchemy
 + Level 5.7 Invocations
 + Level 5.2 Evocations
 + Level 4.7 Shapeshifting


You had 17 spell levels left.
You knew the following spells:

 Your Spells              Type           Power      Damage    Failure   Level
a - Sting                 Conj/Alch      84%        1d8       2%          1
b - Mephitic Cloud        Conj/Alch/Air  20%        N/A       8%          3

Your spell library contained the following spells:

 Spells                   Type           Power      Damage    Failure   Level
 Sandblast                Erth           36%        2d10      3%          1
 Slow                     Hex            100%       N/A       1%          1
 Confusing Touch          Hex            27%        N/A       3%          3
 Tukima's Dance           Hex            27%        N/A       3%          3
 Anguish                  Hex/Necr       11%        N/A       17%         4
 Passage of Golubria      Tloc           18%        N/A       30%         4
 Yara's Violent Unravell  Hex/Alch       11%        3d6       43%         5


Dungeon Overview and Level Annotations

Branches:
Dungeon (9/15)             Temple (1/1) D:7            Lair (0/5) D:8
    Orc (1/2) D:9

Altars:
Ashenzari
Cheibriados
Dithmenos
Elyvilon
Fedhas
Hepliaklqana
Kikubaaqudgha
Makhleb
Nemelex Xobeh
Okawaru
Qazlal
Ru
Sif Muna
Trog
Uskayaw
Vehumet
Wu Jian
Xom
Yredelemnul
Zin
The Shining One

Shops:
D:6 (   D:7 *   D:8 =*:(

Annotations:
D:3 Grinder
D:5 Ijyb


Innate Abilities, Weirdness & Mutations

You have very sharp teeth.
Your uncanny sense of smell can sniff out nearby items.
Your experience applies equally to all skills.


Message History

Unknown command.
Unknown command.
The warg bites you! The warg completely misses you.
The orc warrior laughs crazily.
You climb upwards.
Welcome back to the Dungeon!
There is a staircase to the Orcish Mines here.
You completely miss the warg. The warg bites you! The warg closely misses you.
Aiming: Warp Space
Press: ? - help, Shift-Dir - straight line Space twists violently!
The rupture engulfs the warg!
The warg is moderately wounded.
The warg completely misses you.
Unknown command.
Unknown command.
Aiming: Warp Space
Press: ? - help, Shift-Dir - straight line Space twists violently!
The rupture engulfs the warg!
The warg blinks!
The warg is heavily wounded.
Unknown command.
Aiming: Warp Space
Press: ? - help, Shift-Dir - straight line, f - warg
Aim: a warg (heavily wounded, chance to blink: 68%) Space twists violently!
The rupture engulfs the warg!
The warg is severely wounded.
Unknown command.
Casting: Sting (safe; 2% risk of failure)
Confirm with . or Enter, or press ? or * to list all spells.
Aiming: Sting (safe; 2% risk of failure)
Press: ? - help, Shift-Dir - straight line, f/p - warg
Aim: a warg (severely wounded, 70% to hit)
The sting hits the warg.
The warg partially resists.
The warg is poisoned.
The warg is almost dead.
The warg bites you!!
* * * LOW HITPOINT WARNING * * *
The warg bites you.
* * * LOW HITPOINT WARNING * * *
You hit the warg but do no damage.
The warg is almost dead.
The warg bites you!
You die...

.....#####)##....####
........)..)[....#
....##..####[....# .
##.........[# .
#..........#..
#............#
#............#
#...h........[.
#...@........##
#............#
#.............
....$...........
.................
.................
.................
######..........


You could see a warg (poisoned).

Vanquished Creatures
  A rime drake (D:8)
  A polar bear (D:8)
  Sigmund (D:2)
  A vampire (D:9)
  2 wyverns (D:8)
  3 yaks (D:9)
  2 steam dragons
  3 ice beasts
  4 orc warriors
  2 ogres
  2 wolves (D:8)
  2 centaurs (D:9)
  3 bullfrogs (D:6)
  A gnoll sergeant (D:7)
  A scorpion (D:6)
  A howler monkey (D:7)
  4 jellies
  2 hounds
  3 orc priests
  A gnoll bouda (D:6)
  2 iguanas
  6 orc wizards
  5 gnolls
  4 adders
  4 shadow imps
  2 white imps
  2 ufetubi
  A dart slug (D:1)
  27 orcs
  3 ball pythons
  3 bats
  3 endoplasms
  3 giant cockroaches
  4 goblins
  4 hobgoblins (D:1)
  2 quokkas
  A frilled lizard (D:1)
  2 kobolds
  2 rats (D:1)
120 creatures vanquished.

Notes
Turn   | Place    | Note
-------+----------+-------------------------------------------
     0 | D:1      | zazu2006 the Gnoll Wanderer began the quest for the Orb.
     0 | D:1      | zazu2006 set off with the following items: a +0 dagger, a
                  | potion of brilliance, a +0 robe, a +0 cloak; and the
                  | following spells available to memorise: Slow, Confusing
                  | Touch, Sting, Mephitic Cloud, Anguish.
     0 | D:1      | Reached XP level 1. HP: 13/13 MP: 4/4
     2 | D:1      | Learned a level 1 spell: Sting
    80 | D:1      | Reached XP level 2. HP: 19/19 MP: 1/5
   377 | D:2      | Reached XP level 3. HP: 25/25 MP: 2/7
   436 | D:2      | Found a glowing silver altar of Zin.
   436 | D:2      | Noticed Sigmund
   443 | D:2      | Learned a level 3 spell: Mephitic Cloud
   478 | D:2      | Killed Sigmund
   479 | D:2      | Reached skill level 1 in Fighting
   479 | D:2      | Reached skill level 1 in Short Blades
   479 | D:2      | Reached skill level 1 in Long Blades
   479 | D:2      | Reached skill level 1 in Axes
   479 | D:2      | Reached skill level 1 in Maces & Flails
   479 | D:2      | Reached skill level 1 in Polearms
   479 | D:2      | Reached skill level 1 in Staves
   479 | D:2      | Reached skill level 1 in Ranged Weapons
   479 | D:2      | Reached skill level 1 in Throwing
   479 | D:2      | Reached skill level 1 in Armour
   479 | D:2      | Reached skill level 1 in Shields
   479 | D:2      | Reached skill level 1 in Unarmed Combat
   479 | D:2      | Reached skill level 1 in Summonings
   479 | D:2      | Reached skill level 1 in Necromancy
   479 | D:2      | Reached skill level 1 in Translocations
   479 | D:2      | Reached skill level 1 in Fire Magic
   479 | D:2      | Reached skill level 1 in Ice Magic
   479 | D:2      | Reached skill level 1 in Air Magic
   479 | D:2      | Reached skill level 1 in Earth Magic
   479 | D:2      | Reached skill level 1 in Alchemy
   479 | D:2      | Reached skill level 1 in Invocations
   479 | D:2      | Reached skill level 1 in Evocations
   479 | D:2      | Reached skill level 1 in Shapeshifting
   479 | D:2      | Reached XP level 4. HP: 29/33 MP: 3/8
   479 | D:2      | Reached XP level 5. HP: 33/38 MP: 3/9
   719 | D:2      | Found a faded altar of an unknown god.
   756 | D:3      | Noticed Grinder
  1015 | D:4      | Noticed an ogre
  1021 | D:4      | Killed an ogre
  1022 | D:4      | Reached XP level 6. HP: 44/44 MP: 3/11
  1260 | D:5      | Entered Level 5 of the Dungeon
  1279 | D:5      | Found a broken altar of Ashenzari.
  1353 | D:5      | Noticed Ijyb
  1733 | D:5      | Found a blossoming altar of Fedhas.
  1733 | D:5      | Found a snail-covered altar of Cheibriados.
  1738 | D:5      | Found an iron altar of Okawaru.
  1754 | D:5      | Reached XP level 7. HP: 22/50 MP: 7/12
  1761 | D:5      | Reached skill level 7 in Dodging
  1771 | D:5      | Found a faded altar of an unknown god.
  1773 | D:5      | Found a faded altar of an unknown god.
  1934 | D:6      | Found Ifumor's Antique Weapon Shoppe.
  2386 | D:7      | Noticed a steam dragon
  2396 | D:7      | Killed a steam dragon
  2397 | D:7      | Reached XP level 8. HP: 50/58 MP: 7/14
  2400 | D:7      | Found a staircase to the Ecumenical Temple.
  2680 | Temple   | Entered the Ecumenical Temple
  2700 | Temple   | Became a worshipper of Vehumet
  2866 | D:7      | Found Ume Pear's Assorted Antiques.
  2999 | D:7      | Identified the +7 sling "Dragonbane" {drain, rPois rN+++
                  | Dex-5}
  3112 | D:7      | Reached skill level 5 in Conjurations
  3132 | D:8      | Found Myusin's Weapon Shop.
  3150 | D:8      | Noticed a wyvern
  3150 | D:8      | Noticed a rime drake
  3169 | D:7      | Reached XP level 9. HP: 59/64 MP: 4/16
  3245 | D:8      | Found Zyshuile's Jewellery Emporium.
  3264 | D:8      | Noticed a polar bear
  3265 | D:8      | Reached skill level 5 in Spellcasting
  3316 | D:8      | Found Xuufim's Assorted Antiques.
  3352 | D:8      | Bought a steaming scimitar for 216 gold pieces
  3352 | D:8      | Identified the +4 scimitar of Makhleb's Pride {flame, rElec
                  | Int-5 Dex+5 SInv} (You bought it in a shop on level 8 of
                  | the Dungeon)
  3420 | D:8      | Reached * piety under Vehumet
  3420 | D:8      | Offered knowledge of Sandblast by Vehumet.
  3452 | D:8      | Found a sparkling altar of Nemelex Xobeh.
  3475 | D:8      | Found Toec's Book Shop.
  3486 | D:8      | Reached skill level 5 in Stealth
  3505 | D:8      | Reached skill level 8 in Dodging
  3546 | D:8      | Reached skill level 5 in Invocations
  3558 | D:8      | Killed a rime drake
  3698 | D:8      | Found a staircase to the Lair.
  3730 | D:8      | Killed a polar bear
  3793 | D:9      | Found a staircase to the Orcish Mines.
  3826 | D:9      | Reached skill level 5 in Fighting
  3826 | D:9      | Reached skill level 5 in Short Blades
  3826 | D:9      | Reached skill level 5 in Long Blades
  3826 | D:9      | Reached skill level 5 in Axes
  3826 | D:9      | Reached skill level 5 in Maces & Flails
  3826 | D:9      | Reached skill level 5 in Polearms
  3826 | D:9      | Reached skill level 5 in Staves
  3826 | D:9      | Reached skill level 5 in Ranged Weapons
  3826 | D:9      | Reached skill level 5 in Throwing
  3826 | D:9      | Reached skill level 5 in Armour
  3826 | D:9      | Reached skill level 5 in Shields
  3826 | D:9      | Reached skill level 5 in Unarmed Combat
  3826 | D:9      | Reached skill level 5 in Evocations
  3826 | D:9      | Reached XP level 10. HP: 57/74 MP: 5/18
  3902 | Orc:1    | Entered Level 1 of the Orcish Mines
  3923 | D:9      | Slain by a warg

Illustrated notes

Levels and vault maps discovered:
D:1:      heliophobic_arrival_ceremonial_halls, layout_loops_cross,
          kennysheep_small_spiral, minmay_hedge_maze,
          wander_ebering_terrifying_dragon_lair
D:2:      minmay_spotlight, layout_basic, ebering_ecumenical_altar_mist,
          basic_altar, mrwooster_statue_mirror, uniq_sigmund
D:3:      layout_basic, serial_shops, nicolae_shop_bloodbath_and_beyond,
          kennysheep_crisscross, uniq_grinder
D:4:      layout_basic, uniq_eustachio
D:5:      layout_cave_pods, chequers_temple_overflow_minitemple,
          evilmike_ruin_ashenzari, uniq_ijyb, uniq_blork_the_orc
D:6:      layout_basic, serial_shops,
          nicolae_shop_temple_entry_statues_fountains, st_stairs_4
D:7:      layout_rooms, minmay_temple_entry_wispy, serial_shops,
          nicolae_shop_back_alley_shop
D:8:      layout_basic, nemelex_diamond_rough_becter, hellmonk_lair_entry_icy,
          serial_demonic, serial_demonic_b, serial_demonic_b, serial_demonic_d,
          serial_demonic_d, serial_shops, shop, nicolae_shop_tiny_waterfront,
          nicolae_shop_temple_entry_statues_fountains,
          nicolae_shop_window_shopping
D:9:      layout_irregular_city, mainiacjoe_overflow_small_starburst,
          orc_david_3, kennysheep_generic_room_9, uniq_pikel
Temple:   nicolae_temple_elliptical
Orc:1:    layout_caves

Skill      XL: |  1  2  3  4  5  6  7  8  9 10 |
---------------+-------------------------------+-----
Fighting       | 1 2 3 5 |  5.2
Short Blades   | 1 2 3 5 |  5.2
Long Blades    | 1 2 3 5 |  5.2
Axes           | 1 2 3 5 |  5.2
Maces & Flails | 1 2 3 5 |  5.2
Polearms       | 1 2 3 5 |  5.2
Staves         | 1 2 3 5 |  5.2
Ranged Weapons | 1 2 3 5 |  5.2
Throwing       | 1 2 3 5 |  5.2
Armour         | 1 2 3 5 |  5.2
Shields        | 1 2 3 5 |  5.2
Unarmed Combat | 1 2 3 5 |  5.2
Spellcasting   | 3 4 5 6 |  6.0
Conjurations   | 4 5 |  5.8
Summonings     | 1 2 3 4 |  4.3
Necromancy     | 1 2 3 4 |  4.3
Translocations | 1 2 3 4 |  4.3
Fire Magic     | 1 2 3 4 |  4.3
Ice Magic      | 1 2 3 4 |  4.3
Air Magic      | 1 2 3 4 |  4.3
Earth Magic    | 1 2 3 4 |  4.3
Alchemy        | 1 2 3 4 |  4.3
Invocations    | 1 2 3 4 5 |  5.7
Evocations     | 1 2 3 5 |  5.2
Shapeshifting  | 1 2 3 4 |  4.7
Stealth        | 3 4 5 |  5.8
Dodging        | 7 8 |  8.5
Hexes          | 6 7 |  7.0

Action                     |  1- 3 |  4- 6 |  7- 9 | 10-12 || total
---------------------------+-------+-------+-------+-------++-------
  Melee: Dagger            |    61 |    67 |    90 |       ||   218
         Bite              |     3 |     8 |    18 |     1 ||    30
         Long sword        |       |       |    85 |    18 ||   103
   Cast: Sting             |    27 |    45 |   167 |     9 ||   248
         Mephitic Cloud    |     1 |     1 |    22 |     2 ||    26
  Evoke: Wand              |       |       |     2 |    11 ||    13
    Use: Scroll            |       |     1 |     2 |       ||     3
   Stab: Confused          |     3 |       |    10 |     3 ||    16
         Sleeping          |       |     1 |       |       ||     1
 Armour: Robe              |    22 |    45 |    18 |       ||    85
         Leather armour    |       |       |   120 |    10 ||   130
  Dodge: Dodged            |    43 |    58 |   159 |    17 ||   277

Table legend: (Time is in decaauts)
 A = Elapsed time spent in this place.
 B = Non-inter-level travel time spent in this place.
 C = Inter-level travel time spent in this place.
 D = Time resting spent in this place.
 E = Time spent auto-exploring this place.
 F = Levels seen in this place.
 G = Mean time per level.
                   A        B        C        D        E       F      G
               +--------+--------+--------+--------+--------+-----+--------+
         Total |   3897 |   3727 |    170 |    127 |    175 |  11 |  354.3 |
       Dungeon |   3841 |   3710 |    131 |    127 |    175 |   9 |  426.8 |
        Temple |     40 |      1 |     39 |      0 |      0 |   1 |   40.0 |
  Orcish Mines |     15 |     15 |      0 |      0 |      0 |   1 |   15.0 |
               +--------+--------+--------+--------+--------+-----+--------+

Top non-repeatable levels by time:
     D:6: 774 daAuts
     D:8: 643 daAuts
     D:5: 578 daAuts
     D:2: 505 daAuts
     D:7: 465 daAuts
     D:1: 337 daAuts
     D:4: 266 daAuts
     D:3: 144 daAuts
     D:9: 125 daAuts
  Temple: 40 daAuts
   Orc:1: 15 daAuts
